 Dungeon Crawl Stone Soup version 0.17.2-1-ge4368a0 (webtiles) character file.

5 Goblin1989 the Digger (level 1, -4/11 HPs)
             Began as a Kobold Earth Elementalist on Oct 16, 2016.
             Was an Initiate of Gozag.
             Killed by divine providence
             ... invoked by an orc priest
              (13 damage)
             ... on level 3 of the Dungeon.
             The game lasted 00:07:08 (347 turns).

Goblin1989 the Digger (Kobold Earth Elementalist)    Turns: 347, Time: 00:07:09

Health: -4/11      AC:  2    Str:  6    XL:     1   Next: 88%
Magic:  0/3        EV: 15    Int: 13    God:    Gozag
Gold:   38         SH:  0    Dex: 16    Spells: 1 memorised, 3 levels left

rFire  . . .     SeeInvis .     (weapon restricted)
rCold  . . .     Clarity  .     a - +0 robe
rNeg   . . .     SustAt   .     (shield restricted)
rPois  .         Gourm    .     (no helmet)
rElec  .         Spirit   .     (no cloak)
rCorr  .         Warding  .     (no gloves)
rMut   .         Stasis   .     (no boots)
MR     .....                    (no amulet)
Stlth  ++........               (no ring)
                                (no ring)

@: very slightly contaminated, not resistant to hostile enchantments, unstealthy
A: carnivore 3
a: Potion Petition, Call Merchant, Bribe Branch, Renounce Religion


You were on level 3 of the Dungeon.
You worshipped Gozag.
Gozag was noncommittal.
You were full.

You visited 1 branch of the dungeon, and saw 3 of its levels.

You collected 95 gold pieces.
You paid 57 gold pieces to Gozag.

Inventory:

Missiles
 b - 47 stones (quivered)
Armour
 a - a +0 robe (worn)
 h - a +0 ring mail
Potions
 e - a potion of heal wounds {unknown}
 f - a potion of agility {unknown}
Books
 c - a book of Geomancy

   Spells                             Type                      Level
   a - Sandblast                      Earth                        1
   b - Stoneskin                      Transmutation/Earth          2
   c - Passwall                       Transmutation/Earth          3
   d - Stone Arrow                    Conjuration/Earth            3
   e - Petrify                        Transmutation/Earth          4
   f - Lee's Rapid Deconstruction     Earth                        5
Comestibles
 d - a meat ration {@e2}
 g - a beef jerky


   Skills:
 + Level 0.7 Fighting
 + Level 2.8 Dodging
 - Level 2.6 Stealth
 - Level 2.0 Spellcasting
   Level 0.8 Transmutations
 - Level 3.0 Earth Magic


You had 3 spell levels left.
You knew the following spells:

 Your Spells              Type           Power        Failure   Level  Hunger
a - Sandblast             Erth           #.....       10%         1    ##.....


Dungeon Overview and Level Annotations

Branches:
Dungeon (3/15)

Altars:
Gozag


Innate Abilities, Weirdness & Mutations

You are small and have problems with some larger weapons.
You are carnivorous and can eat meat at any time.


Message History

You now have 0/3 mp.
Wield which item (- for none, * to show all)? (? for menu, Esc to quit)
Okay, then.
Really attack while wielding your 47 stones?
Okay, then.
You are now empty-handed.
The orc hits you but does no damage.
You hit the orc.
The orc is heavily wounded.
The orc priest miscasts a cantrip. x2
The orc hits you with a short sword.
A hobgoblin comes into view. It is wielding a club.
You take 2 damage, and have 9/11 hp.
The hobgoblin shouts!
You hit the orc.
The orc is severely wounded.
The orc priest calls down the wrath of Beogh upon you.
Something smites you!
Ouch! That really hurt!
You die...
Your body crumbles into a pile of gold.

ਜ.ਜ ਜ.ਜ ਜ.ਜ ਜ ਜ.ਜ ਜਜਜ
ਜਜਜਜ.ਜ ਜ.ਜਜਜ ..ਜਜ...
ਜ.ਜਜ. ਜ)ਜ.ਜਜਜਜ ਜਜਜ. ਜ.ਜਜ.
ਜ......ਜ .g.g
ਜ.ਜਜ.ਜਜਜ.ਜ.ਜਜ.ਜਜਜo.ਜਜਜਜ
ਜਜਜ.ਜਜਜ...ਜਜ.ਜਜ.@ooo.....
ਜ..........ਜ.ਜਜਜਜਜਜ.ਜਜ.ਜਜ
ਜ.ਜ.ਜਜਜਜ.ਜ.ਜ.ਜ ਜ ਜ.ਜ.ਜ
ਜ.ਜ.ਜ.ਜ ਜ.ਜ.ਜ ਜ.ਜ.ਜ.ਜ
ਜ.ਜ.ਜਜਜਜ.ਜ.ਜ.ਜ
ਜ........... ਜ..ਜ.ਜਜਜ.ਜ.ਜ
ਜ.ਜਜਜਜ ਜ.ਜ.ਜ


You could see 2 orc priests, 2 orcs, a hobgoblin and a goblin.

Vanquished Creatures
  2 bats
  A hobgoblin (D:1)
  A goblin (D:2)
  2 rats
6 creatures vanquished.

Notes
Turn   | Place    | Note
--------------------------------------------------------------
     0 | D:1      | Goblin1989 the Kobold Earth Elementalist began the quest for the Orb.
     0 | D:1      | Reached XP level 1. HP: 10/10 MP: 3/3
   214 | D:1      | You fall through a shaft!
   276 | D:3      | Found an opulent altar of Gozag.
   286 | D:3      | Became a worshipper of Gozag Ym Sagoz the Greedy
   339 | D:3      | Noticed an orc priest
   340 | D:3      | Noticed an orc priest
   347 | D:3      | Killed from afar by an orc priest

Action                   || total
-------------------------++-------
Melee: Unarmed           ||     2
 Cast: Sandblast         ||    12
  Eat: Chunk             ||     3

Vault maps used:
D:1:      saegor_arrival_simple_b, grunt_decor_resistance, minivault_19,
          minmay_cupped
D:2:      minitemple, serial_aquarium, aquarium_bridge_straight,
          aquarium_window_fake, aquarium_window_2, aquarium_view_2c
D:3:      kennysheep_the_goblin_king, overflow_temple_1_default, first_bread,
          nicolae_gozag_cash_rules_everything_around_me
